[Event "Titled Tuesday Blitz December 13 Early 2022"]
[White "Ashraf, Artin"]
[Black "Avinash, Ramesh"]
[WhiteFideId "22514805"]
[BlackFideId "45018340"]
[WhiteElo "2243"]
[BlackElo "2264"]
[Result "0-1"]
[Round "03"]
[TimeControl "180+1"]
[Date "2022.12.13"]
[WhiteClock "0:00:09"]
[BlackClock "0:00:22"]

1. b3 d5 2. Nf3 Nf6 3. e3 g6 4. Bb2 Bg7 5. c4 c6 6. Be2 O-O 7. O-O a5 8. Nc3 Ne4 9. Qc2 Bf5 10. d3 Nxc3 11. Bxc3 Bg4 12. Bxg7 Kxg7 13. Ne5 Bxe2 14. Qxe2 Nd7 15. Qb2 Nxe5 16. Qxe5+ f6 17. Qe6 dxc4 18. dxc4 Qd6 19. Qxd6 exd6 20. Rfd1 Rfd8 21. Rd3 Kf7 22. Kf1 a4 23. b4 Ke6 24. Rad1 f5 25. Ke2 Rac8 26. Ra3 b5 27. Rc3 d5 28. c5 Kf6 29. h4 Re8 30. Rd4 Re5 31. f3 Rce8 32. Kf2 h6 33. g4 g5 34. hxg5+ hxg5 35. gxf5 Kxf5 36. Rd1 Rh8 37. Kg3 Re6 38. Rc2 Reh6 39. e4+ dxe4 40. fxe4+ Ke5 41. Rf2 Rh3+ 42. Kg4 Kxe4 43. Kxg5 Rg3+ 44. Kf6 Rf8+ 45. Ke6 Rxf2 46. Kd6 Rg6+ 0-1


[Site "https://www.chess.com"]

[Event "Titled Tuesday Blitz December 13 Early 2022"]
[White "Babazada, Khazar"]
[Black "Roque Sola, Gisela"]
[WhiteFideId "13413554"]
[BlackFideId "5120241"]
[WhiteElo "2810"]
[BlackElo "2138"]
[Result "1-0"]
[Round "03"]
[TimeControl "180+1"]
[Date "2022.12.14"]
[WhiteClock "0:01:09"]
[BlackClock "0:00:20"]

1. Nf3 Nf6 2. c4 Nc6 3. d4 d5 4. Nc3 e6 5. Bg5 Be7 6. e3 O-O 7. Bd3 h6 8. h4 dxc4 9. Bxc4 Nd5 10. Bxe7 Ncxe7 11. Ne4 b6 12. a3 Nf5 13. g4 Nd6 14. Nxd6 Qxd6 15. g5 Bb7 16. Bd3 Nxe3 17. fxe3 Qg3+ 18. Kd2 Bxf3 19. Qg1 Qxg1 20. Rhxg1 h5 21. Raf1 Bg4 22. b4 Rfd8 23. Rc1 e5 24. Rxc7 exd4 25. e4 a5 26. b5 Rac8 27. Rgc1 Kf8 28. R7c6 Rxc6 29. bxc6 Ke7 30. Rb1 Kd6 31. Rxb6 Kc7 32. Ra6 Be6 33. Bb5 Rb8 34. a4 g6 35. e5 Bd5 36. Kd3 Rd8 37. Ra7+ Kb8 38. c7+ 1-0


[Site "https://www.chess.com"]

[Event "Titled Tuesday Blitz December 13 Early 2022"]
[White "Bacrot, Etienne"]
[Black "Javakhishvili, Lela"]
[WhiteFideId "605506"]
[BlackFideId "13601458"]
[WhiteElo "2667"]
[BlackElo "2364"]
[Result "1/2-1/2"]
[Round "03"]
[TimeControl "180+1"]
[Date "2022.12.14"]
[WhiteClock "0:00:09"]
[BlackClock "0:00:22"]

1. e4 e5 2. Nf3 Nc6 3. Bb5 Nf6 4. O-O Nxe4 5. Re1 Nd6 6. Nxe5 Be7 7. Bf1 Nxe5 8. Rxe5 O-O 9. d4 Bf6 10. Re1 Re8 11. Rxe8+ Nxe8 12. d5 b6 13. Nd2 Nd6 14. g3 Bb7 15. Bg2 Qe7 16. Nf1 Re8 17. c3 Ba6 18. Ne3 Nc4 19. Qa4 Nxe3 20. Bxe3 Bd3 21. Rd1 Be4 22. Bxe4 Qxe4 23. Qxd7 h5 24. h4 Re7 25. Qc8+ Kh7 26. Qh3 Qc2 27. Rd2 Qb1+ 28. Kh2 g6 29. a3 Be5 30. Qg2 Bd6 31. Qf3 a5 32. Bg5 Rd7 33. Re2 Qd1 34. Kg2 Bf8 35. c4 Bg7 36. g4 hxg4 37. Qxg4 Rd6 38. Qf3 c6 39. dxc6 Rxc6 40. Qxc6 Qxe2 41. b4 axb4 42. axb4 Qg4+ 43. Kf1 Qd1+ 44. Kg2 Qg4+ 45. Kh1 Qh3+ 46. Kg1 Qg4+ 47. Kf1 Qd1+ 48. Kg2 Qg4+ 1/2-1/2


[Site "https://www.chess.com"]

[Event "Titled Tuesday Blitz December 13 Early 2022"]
[White "Badelka, Olga"]
[Black "Samunenkov, Ihor"]
[WhiteFideId "13509926"]
[BlackFideId "14187086"]
[WhiteElo "2337"]
[BlackElo "2442"]
[Result "1-0"]
[Round "03"]
[TimeControl "180+1"]
[Date "2022.12.14"]
[WhiteClock "0:00:23"]
[BlackClock "0:00:01"]

1. c4 c5 2. Nc3 Nc6 3. Nf3 Nf6 4. e3 e5 5. d4 e4 6. d5 exf3 7. dxc6 dxc6 8. Qxd8+ Kxd8 9. gxf3 Kc7 10. b3 Be7 11. Bb2 Rd8 12. Rg1 g6 13. Ne4 Nxe4 14. fxe4 a5 15. a4 Be6 16. Rd1 Rxd1+ 17. Kxd1 b5 18. Kc2 b4 19. Bd3 Bh4 20. f4 f6 21. f5 Bf7 22. Rg4 Bg5 23. e5 gxf5 24. Bxf5 Bh5 25. Rg3 Rf8 26. Bxh7 Kb6 27. Be4 Rf7 28. e6 Re7 29. Bf5 Re8 30. h4 1-0


[Site "https://www.chess.com"]

[Event "Titled Tuesday Blitz December 13 Early 2022"]
[White "Bagwe Gaurang"]
[Black "Bruned, Boris"]
[WhiteFideId "45039895"]
[BlackFideId "621790"]
[WhiteElo "1847"]
[BlackElo "2049"]
[Result "1-0"]
[Round "03"]
[TimeControl "180+1"]
[Date "2022.12.14"]
[WhiteClock "0:00:20"]
[BlackClock "0:00:02"]

1. e4 b6 2. d4 Bb7 3. Nc3 e6 4. a3 Nf6 5. Bd3 c5 6. Nge2 cxd4 7. Nxd4 d6 8. O-O a6 9. Bg5 Be7 10. Qd2 Nc6 11. Nxc6 Bxc6 12. Rad1 O-O 13. f3 b5 14. Be2 Qc7 15. Bf4 Rfd8 16. Kh1 Rac8 17. h3 Qb7 18. Bh2 a5 19. Bd3 Nd7 20. Qe3 Nc5 21. Be2 b4 22. Nb1 Na4 23. Qb3 bxa3 24. bxa3 Nc5 25. Qe3 Ba4 26. Rd2 Qb2 27. c4 Qb3 28. Qf2 Rb8 29. Bf4 Qb6 30. Be3 Qc6 31. Nc3 Bb3 32. Rc1 Na4 33. Nb1 Nc5 34. Bd4 Bf8 35. Nc3 Rdc8 36. Qe3 Rb7 37. f4 Rcb8 38. Bf3 1-0


[Site "https://www.chess.com"]

[Event "Titled Tuesday Blitz December 13 Early 2022"]
[White "Balint, Vilmos"]
[Black "Torres Dominguez, David"]
[WhiteFideId "718050"]
[BlackFideId "2220857"]
[WhiteElo "2183"]
[BlackElo "2037"]
[Result "1/2-1/2"]
[Round "03"]
[TimeControl "180+1"]
[Date "2022.12.14"]
[WhiteClock "0:01:27"]
[BlackClock "0:00:10"]

1. e4 Nc6 2. d4 e5 3. d5 Nce7 4. c4 Ng6 5. Be3 Bb4+ 6. Ke2 Be7 7. g3 Nf6 8. f3 O-O 9. Bh3 d6 10. Bxc8 Rxc8 11. Nc3 a6 12. Nh3 Qd7 13. Nf2 h6 14. Qd2 Nh7 15. h4 f5 16. h5 Nh8 17. Raf1 Rce8 18. Qd3 Bg5 19. Nh3 Bxe3 20. Qxe3 f4 21. gxf4 exf4 22. Nxf4 Ng5 23. Rhg1 Rf6 24. Rg4 Nhf7 25. Rfg1 Ne5 26. R4g3 Nxc4 27. Qd4 Ne5 28. Kd1 Nexf3 29. Rxf3 Nxf3 30. Qxf6 Nxg1 31. Qg6 Qf7 32. Qg4 Rf8 33. Ne6 Qf1+ 34. Kc2 Rf7 35. Kb3 Nf3 36. Nd8 Nd2+ 37. Ka3 b5 38. Nxf7 b4+ 39. Kxb4 Qc4+ 40. Ka3 Qc5+ 41. Ka4 Qc4+ 42. Ka3 Qc5+ 43. Ka4 Qc4+ 44. Ka5 Qc5+ 45. Ka4 1/2-1/2


[Site "https://www.chess.com"]

[Event "Titled Tuesday Blitz December 13 Early 2022"]
[White "Bashirli, Saadat"]
[Black "Bodnaruk, Anastasia"]
[WhiteFideId "13429990"]
[BlackFideId "4181751"]
[WhiteElo "1408"]
[BlackElo "2314"]
[Result "1/2-1/2"]
[Round "03"]
[TimeControl "180+1"]
[Date "2022.12.14"]
[WhiteClock "0:00:10"]
[BlackClock "0:00:19"]

1. d4 Nf6 2. c4 g6 3. Nc3 Bg7 4. e4 d6 5. Bg5 O-O 6. Be2 Na6 7. Qd2 e5 8. d5 Qe8 9. h4 h5 10. f3 Bd7 11. Nh3 Nc5 12. Nf2 a5 13. O-O a4 14. Rab1 Nh7 15. Bh6 f5 16. Bxg7 Kxg7 17. b4 axb3 18. axb3 Qe7 19. b4 Na6 20. g3 f4 21. Kg2 fxg3 22. Kxg3 Rf4 23. Rh1 g5 24. Nd3 Rxh4 25. Rxh4 gxh4+ 26. Kh2 Kh8 27. Rg1 Rg8 28. Rxg8+ Kxg8 29. Qh6 Qg7 30. Qxg7+ Kxg7 31. f4 Bg4 32. fxe5 dxe5 33. b5 Nb8 34. Nxe5 Bxe2 35. Nxe2 Nf6 36. Nc3 Ng4+ 37. Nxg4 hxg4 38. e5 Nd7 39. e6 Ne5 40. c5 Nf3+ 41. Kg2 h3+ 42. Kg3 h2 43. Kg2 g3 44. Ne4 Nh4+ 45. Kh1 Nf5 46. d6 cxd6 47. cxd6 Kf8 48. b6 Ke8 49. Nf6+ Kd8 50. Ne4 Ke8 51. Kg2 Kd8 52. Kh1 Ke8 1/2-1/2


[Site "https://www.chess.com"]

[Event "Titled Tuesday Blitz December 13 Early 2022"]
[White "Bazarov, Konstantin"]
[Black "Goldin, Roman"]
[WhiteFideId "4137000"]
[BlackFideId "2803860"]
[WhiteElo "2228"]
[BlackElo "2312"]
[Result "0-1"]
[Round "03"]
[TimeControl "180+1"]
[Date "2022.12.14"]
[WhiteClock "0:00:04"]
[BlackClock "0:00:09"]

1. c4 e5 2. Nc3 Nf6 3. Nf3 Nc6 4. g3 d5 5. cxd5 Nxd5 6. Bg2 Nb6 7. O-O Be7 8. d3 O-O 9. Be3 Be6 10. Qd2 Qd7 11. Rfd1 Rad8 12. Ng5 Bxg5 13. Bxg5 f6 14. Be3 Nd4 15. Bxb7 c6 16. Ba6 c5 17. Rdc1 c4 18. Ne4 Bd5 19. Bxd4 exd4 20. Qf4 Rfe8 21. a4 f5 22. Bb5 Qe6 23. Bxe8 Rxe8 24. Ng5 Qxe2 25. Qxf5 Rf8 26. Re1 Qxe1+ 27. Rxe1 Rxf5 28. Ne4 cxd3 29. Nd6 Rf8 30. Rd1 Nxa4 31. Rxd3 Nxb2 32. Rxd4 Bf7 33. Rb4 Nd3 34. Rd4 Ne5 35. Re4 Rd8 36. Nxf7 Nxf7 37. Re7 Ra8 38. Re4 a5 39. Ra4 Ne5 40. f4 Nd3 41. Kg2 Nc5 42. Rc4 a4 43. Rxc5 a3 44. Rc1 a2 45. Ra1 Kf7 46. Kf3 Kf6 47. Ke4 g6 48. g4 Ra4+ 49. Kf3 h5 50. h3 h4 51. Kg2 Ra3 52. Kh2 Ke6 53. Kg2 Kd5 54. f5 gxf5 55. g5 Ke5 56. Kh2 f4 57. g6 Kf6 58. Rg1 Kg7 59. Ra1 Kxg6 60. Kg2 Kf5 61. Kf2 Ke4 62. Re1+ Kf5 63. Ra1 f3 64. Kf1 Kf4 65. Kf2 Ra4 66. Kf1 Kg3 67. Kg1 Kxh3 68. Kh1 Kg3 69. Kg1 h3 70. Kh1 Rb4 71. Rg1+ Kf4 72. Kh2 Rb1 73. Rg8 a1=Q 74. Rf8+ Ke3 75. Rxf3+ Kxf3 76. Kxh3 Rh1# 0-1


[Site "https://www.chess.com"]

[Event "Titled Tuesday Blitz December 13 Early 2022"]
[White "Berezin, Viktor"]
[Black "Fromm, Marius"]
[WhiteFideId "14107872"]
[BlackFideId "12993190"]
[WhiteElo "2310"]
[BlackElo "2325"]
[Result "0-1"]
[Round "03"]
[TimeControl "180+1"]
[Date "2022.12.14"]
[WhiteClock "0:00:25"]
[BlackClock "0:00:20"]

1. d4 Nf6 2. c4 e6 3. Nf3 c5 4. d5 exd5 5. cxd5 d6 6. Nc3 g6 7. g3 Bg7 8. Bg2 O-O 9. O-O Re8 10. Bf4 Ne4 11. Nxe4 Rxe4 12. Nd2 Rxf4 13. gxf4 Bxb2 14. Rb1 Bg7 15. Nc4 Na6 16. e4 Rb8 17. e5 dxe5 18. Nxe5 Bf5 19. Rb3 Nb4 20. Qd2 Nc2 21. d6 Nd4 22. Rxb7 Rxb7 23. Bxb7 Qxd6 24. Qe3 Be6 25. Rc1 Bxa2 26. Nc4 Bxc4 27. Rxc4 Bf6 28. Bf3 Kg7 29. Ra4 Qc7 30. Kg2 h5 31. Ra6 Nf5 32. Qe4 c4 33. Rc6 Qd7 34. Rxf6 Nh4+ 35. Kg3 Nxf3 36. Kxf3 Qh3+ 37. Ke2 Qd3+ 38. Qxd3 cxd3+ 39. Kxd3 Kxf6 0-1


[Site "https://www.chess.com"]

[Event "Titled Tuesday Blitz December 13 Early 2022"]
[White "Bettalli, Francesco"]
[Black "Gabdrakhmanov, Azat"]
[WhiteFideId "2816453"]
[BlackFideId "34189197"]
[WhiteElo "2216"]
[BlackElo "2254"]
[Result "0-1"]
[Round "03"]
[TimeControl "180+1"]
[Date "2022.12.14"]
[WhiteClock "0:00:28"]
[BlackClock "0:00:32"]

1. d4 Nf6 2. Nc3 d5 3. Bg5 Nbd7 4. Qd3 h6 5. Bxf6 Nxf6 6. O-O-O g6 7. e4 dxe4 8. Nxe4 Bg7 9. Nf3 O-O 10. Ng3 Qd6 11. h4 Bg4 12. Be2 Rad8 13. Qb3 Qf4+ 14. Kb1 Bxf3 15. Bxf3 Rxd4 16. Rxd4 Qxd4 17. Rd1 Qxh4 18. Bxb7 Ng4 19. Qf3 Nxf2 20. Qxf2 Qb4 21. c3 Qxb7 22. Ne2 Qa8 23. Nf4 Rd8 24. Rxd8+ Qxd8 25. Kc2 e5 26. Ne2 e4 27. Nc1 Qg5 28. Qxa7 Qxg2+ 29. Kb3 Qd2 30. Qg1 e3 31. Qf1 h5 32. a4 h4 33. a5 Qd5+ 34. Ka4 h3 35. a6 Qc6+ 36. Ka5 Qb6+ 37. Ka4 h2 38. Qh3 Qc6+ 39. Kb3 h1=Q 40. Qc8+ 0-1


[Site "https://www.chess.com"]

[Event "Titled Tuesday Blitz December 13 Early 2022"]
[White "Bochnicka, Vladimir"]
[Black "Larina, Maria"]
[WhiteFideId "14943450"]
[BlackFideId "24113182"]
[WhiteElo "2239"]
[BlackElo "1848"]
[Result "1-0"]
[Round "03"]
[TimeControl "180+1"]
[Date "2022.12.14"]
[WhiteClock "0:00:27"]
[BlackClock "0:00:10"]

1. e4 c6 2. d4 d5 3. e5 c5 4. dxc5 e6 5. a3 Bxc5 6. Nf3 Ne7 7. b4 Bb6 8. Bb2 O-O 9. Bd3 Ng6 10. O-O Nd7 11. Nbd2 Qc7 12. Re1 f6 13. exf6 Nxf6 14. Bxg6 hxg6 15. Ne5 Ne4 16. Nxe4 dxe4 17. Bd4 Bxd4 18. Qxd4 Qxc2 19. Rac1 Qa2 20. Nxg6 Rf7 21. Ne7+ Rxe7 22. Qd8+ Kf7 23. Rxe4 e5 24. Re3 e4 25. Rec3 Re8 26. Rc7+ Kg6 27. Qxe8+ Kh7 28. Qh5+ Kg8 29. Rxc8+ Rxc8 30. Rxc8# 1-0


[Site "https://www.chess.com"]

[Event "Titled Tuesday Blitz December 13 Early 2022"]
[White "Buchenau, Frank"]
[Black "Haddouche, Mohamed"]
[WhiteFideId "4604350"]
[BlackFideId "7900660"]
[WhiteElo "2157"]
[BlackElo "2443"]
[Result "0-1"]
[Round "03"]
[TimeControl "180+1"]
[Date "2022.12.14"]
[WhiteClock "0:01:55"]
[BlackClock "0:01:33"]

1. e4 e5 2. Bc4 Nf6 3. d3 c6 4. Nf3 Be7 5. O-O d6 6. c3 O-O 7. Bb3 Nbd7 8. Re1 Re8 9. Nbd2 Bf8 10. d4 h6 11. Bc2 b6 12. Nf1 Bb7 13. Ng3 b5 14. a4 a6 15. h3 Qc7 16. Be3 Rad8 17. axb5 axb5 18. b4 d5 19. Nxe5 Nxe5 20. Bf4 dxe4 21. Qb1 Nf3+ 22. gxf3 Qxf4 0-1


[Site "https://www.chess.com"]

[Event "Titled Tuesday Blitz December 13 Early 2022"]
[White "Budrewicz, Krzysztof"]
[Black "Bluebaum, Matthias"]
[WhiteFideId "1127950"]
[BlackFideId "24651516"]
[WhiteElo "2188"]
[BlackElo "2634"]
[Result "0-1"]
[Round "03"]
[TimeControl "180+1"]
[Date "2022.12.14"]
[WhiteClock "0:00:14"]
[BlackClock "0:00:19"]

1. d4 d5 2. c4 e6 3. Nf3 Nf6 4. Nc3 Bb4 5. e3 O-O 6. Bd2 Nbd7 7. a3 Be7 8. c5 c6 9. b4 Qc7 10. Be2 e5 11. Qc2 Re8 12. O-O e4 13. Ne1 Nf8 14. a4 Ng4 15. g3 Ng6 16. f3 exf3 17. Nxf3 Bf6 18. e4 dxe4 19. Nxe4 Bf5 20. Nxf6+ Nxf6 21. Qxf5 Rxe2 22. Bg5 Nd5 23. Rae1 Rae8 24. Rxe2 Rxe2 25. Qd3 Re8 26. b5 Qd7 27. bxc6 bxc6 28. Bd2 h6 29. Re1 Rxe1+ 30. Bxe1 Qg4 31. Kf2 h5 32. Bd2 h4 33. Qe2 hxg3+ 34. hxg3 Nge7 35. Qe5 f6 36. Qb8+ Kh7 37. Bf4 Nf5 38. Qb1 Qg6 39. Qd3 Kg8 40. Bb8 a5 41. Qe4 Kf7 42. g4 Nfe7 43. Qxg6+ Nxg6 44. Bd6 Nf8 45. Nd2 Ne6 46. Nf3 Nc3 47. Ke3 Nxa4 48. Kd3 Nb2+ 49. Kc2 Nc4 50. Bb8 Ne3+ 51. Kb3 Nxg4 52. Ka4 Ne3 53. Kxa5 g5 54. Kb6 g4 55. Nh4 Nxd4 56. Bf4 Nd5+ 57. Kb7 Nxf4 0-1


[Site "https://www.chess.com"]

[Event "Titled Tuesday Blitz December 13 Early 2022"]
[White "Buksa, Nataliya"]
[Black "Vifleemskaia, Svetlana"]
[WhiteFideId "14123622"]
[BlackFideId "4129490"]
[WhiteElo "2303"]
[BlackElo "1930"]
[Result "1-0"]
[Round "03"]
[TimeControl "180+1"]
[Date "2022.12.14"]
[WhiteClock "0:01:25"]
[BlackClock "0:00:01"]

1. d4 Nf6 2. Nc3 d5 3. Bf4 a6 4. e3 c5 5. Nf3 Nc6 6. Ne5 e6 7. Nxc6 bxc6 8. Na4 Qa5+ 9. c3 c4 10. Be2 Be7 11. b4 Qd8 12. O-O O-O 13. Nc5 a5 14. a3 Bxc5 15. bxc5 a4 16. Qc2 Qa5 17. Rab1 Ba6 18. Rb6 Bb5 19. Rb1 Ne4 20. Rb4 Ra6 21. Rxa6 Qxa6 22. f3 Nf6 23. g4 Nd7 24. Bd6 Re8 25. f4 Qc8 26. Bf3 Nb8 27. Rb2 f6 28. Qg2 Qd7 29. Bd1 Qf7 30. Bc2 Nd7 31. Bb1 f5 32. g5 Qh5 33. Bc2 Nf8 34. Rb1 Ng6 35. Bd1 Qh4 36. Kf1 Rd8 37. Rb4 Ra8 38. Bf3 Kf7 39. Bxd5 1-0


[Site "https://www.chess.com"]

[Event "Titled Tuesday Blitz December 13 Early 2022"]
[White "Chernobay, Artem"]
[Black "Steinberg, Nitzan"]
[WhiteFideId "4167406"]
[BlackFideId "2801795"]
[WhiteElo "2474"]
[BlackElo "2491"]
[Result "0-1"]
[Round "03"]
[TimeControl "180+1"]
[Date "2022.12.13"]
[WhiteClock "0:00:14"]
[BlackClock "0:00:12"]

1. e4 c5 2. Nf3 d6 3. d4 cxd4 4. Nxd4 Nf6 5. Nc3 a6 6. Bg5 e6 7. f4 Nbd7 8. Qf3 Qc7 9. O-O-O b5 10. a3 Bb7 11. Bd3 Rc8 12. Rhe1 Be7 13. Kb1 O-O 14. h4 Rfe8 15. Qh3 Nc5 16. f5 e5 17. Nde2 Nfxe4 18. Bxe7 Nxc3+ 19. Nxc3 Qxe7 20. Bf1 e4 21. Qg3 Rcd8 22. Nd5 Bxd5 23. Rxd5 Qf6 24. Qf4 Na4 25. c3 Nb6 26. Rd4 d5 27. Red1 Rd7 28. Be2 Red8 29. Rh1 Nc8 30. g4 Ne7 31. Rhd1 Qxh4 32. Rg1 Qf6 33. Rf1 h6 34. Rh1 Nc6 35. Rdd1 Qe5 36. Qe3 d4 37. cxd4 Rxd4 38. Rxd4 Qxd4 39. Qf4 Qe5 40. Qe3 Qd4 41. Qf4 e3 42. Qf3 Ne5 43. Qb7 Nc4 44. Bxc4 bxc4 45. g5 e2 46. g6 Qd1+ 47. Ka2 Qb3+ 48. Qxb3 cxb3+ 49. Kxb3 Rd1 0-1


[Site "https://www.chess.com"]

[Event "Titled Tuesday Blitz December 13 Early 2022"]
[White "Colas, Joshua"]
[Black "Silvestre, Christian"]
[WhiteFideId "2044447"]
[BlackFideId "30956269"]
[WhiteElo "2347"]
[BlackElo "2345"]
[Result "1-0"]
[Round "03"]
[TimeControl "180+1"]
[Date "2022.12.14"]
[WhiteClock "0:01:22"]
[BlackClock "0:00:06"]

1. d4 Nf6 2. Nc3 d5 3. Bf4 e6 4. e3 c5 5. Nb5 Na6 6. c3 Bd7 7. Nf3 Ne4 8. Bd3 c4 9. Bxe4 dxe4 10. Nd6+ Bxd6 11. Bxd6 Bc6 12. Ba3 exf3 13. gxf3 Qf6 14. e4 O-O-O 15. Qe2 Qf4 16. Rg1 f5 17. Qxc4 Rhe8 18. b4 Qxf3 19. b5 Qxe4+ 20. Kd2 Qf4+ 21. Kc2 Qxf2+ 22. Kb3 Qf3 23. bxc6 Qxc6 24. Qxc6+ bxc6 25. Rxg7 Rd7 26. Rag1 Nc7 27. Rxd7 Kxd7 28. Rg7+ Kc8 29. Bd6 Nb5 30. Be5 h5 31. a4 a6 32. axb5 axb5 33. Rc7+ Kd8 34. Rxc6 Kd7 35. Rd6+ Ke7 36. Rb6 Rf8 37. Bd6+ Kf7 38. Bxf8 1-0


[Site "https://www.chess.com"]

[Event "Titled Tuesday Blitz December 13 Early 2022"]
[White "Corrales Jimenez, Fidel"]
[Black "Winterberg, Lukas"]
[WhiteFideId "3506690"]
[BlackFideId "24622702"]
[WhiteElo "2541"]
[BlackElo "2350"]
[Result "0-1"]
[Round "03"]
[TimeControl "180+1"]
[Date "2022.12.14"]
[WhiteClock "0:00:45"]
[BlackClock "0:02:17"]

1. d4 Nf6 2. Nc3 d5 3. Bf4 a6 4. e3 e6 5. g4 b5 6. g5 Nfd7 7. h4 c5 8. h5 Nc6 9. h6 g6 10. Nf3 Nb6 11. Ne5 Bb7 12. Nxc6 Bxc6 13. Be5 Rg8 14. Bf6 Be7 15. dxc5 Bxf6 16. gxf6 Nd7 17. b4 Qxf6 18. Qd4 e5 19. Nxd5 exd4 20. Nxf6+ Nxf6 21. Rh3 O-O-O 22. a4 dxe3 23. Rxe3 Nd5 24. axb5 Nxe3 25. Bh3+ Kb8 26. Rxa6 Nxc2+ 27. Kf1 Bxb5+ 0-1


[Site "https://www.chess.com"]

[Event "Titled Tuesday Blitz December 13 Early 2022"]
[White "Crevatin, Leo"]
[Black "Akylbekov, Nasyr"]
[WhiteFideId "1726307"]
[BlackFideId "13800353"]
[WhiteElo "2190"]
[BlackElo "2310"]
[Result "1/2-1/2"]
[Round "03"]
[TimeControl "180+1"]
[Date "2022.12.14"]
[WhiteClock "0:00:51"]
[BlackClock "0:01:22"]

1. d4 Nf6 2. Bf4 e6 3. e3 d5 4. Nf3 Bd6 5. Ne5 Nbd7 6. Nd2 Nf8 7. Bg3 Ng6 8. f4 Ne4 9. Bd3 f5 10. O-O Bxe5 11. fxe5 O-O 12. Nxe4 fxe4 13. Be2 Qg5 14. Rxf8+ Kxf8 15. Qd2 Bd7 16. Rf1+ Kg8 17. Bf4 Nxf4 18. Rxf4 Rf8 19. g3 Rxf4 20. exf4 Qe7 21. Qa5 c6 22. c3 a6 23. Qc7 b5 24. Qa7 b4 25. Qb8+ Be8 26. Qxb4 Qa7 27. Qa5 Qb7 28. b4 g5 29. Qd8 Kf8 30. Qxg5 a5 31. Qf6+ Kg8 32. Qd8 axb4 33. Qxe8+ Kg7 34. cxb4 Qxb4 35. Qxe6 Qe1+ 36. Bf1 Qe3+ 37. Kg2 Qf3+ 38. Kh3 Qh5+ 39. Kg2 Qf3+ 40. Kg1 Qe3+ 41. Kh1 Qf3+ 42. Kg1 Qe3+ 1/2-1/2


[Site "https://www.chess.com"]

[Event "Titled Tuesday Blitz December 13 Early 2022"]
[White "D`Arruda, Ricardo D."]
[Black "Thiel, Thomas"]
[WhiteFideId "100692"]
[BlackFideId "4615964"]
[WhiteElo "2446"]
[BlackElo "2220"]
[Result "1-0"]
[Round "03"]
[TimeControl "180+1"]
[Date "2022.12.14"]
[WhiteClock "0:02:16"]
[BlackClock "0:02:13"]

1. d4 Nf6 2. Nf3 g6 3. Nc3 d5 4. Bg5 Bg7 5. Bxf6 Bxf6 6. e4 dxe4 7. Nxe4 Bg7 8. Bc4 O-O 9. O-O Bg4 10. c3 Nc6 11. h3 Bc8 12. Re1 e5 13. dxe5 Nxe5 14. Nxe5 Bxe5 15. Qxd8 Rxd8 16. Ng5 Bf6 17. Nxf7 Rd2 18. Nd6+ Kg7 19. Ne8+ 1-0


[Site "https://www.chess.com"]

[Event "Titled Tuesday Blitz December 13 Early 2022"]
[White "Daneshvar, Bardiya"]
[Black "Kalashian, David"]
[WhiteFideId "12576468"]
[BlackFideId "13302418"]
[WhiteElo "2429"]
[BlackElo "2490"]
[Result "1-0"]
[Round "03"]
[TimeControl "180+1"]
[Date "2022.12.13"]
[WhiteClock "0:00:17"]
[BlackClock "0:00:03"]

1. b3 Nf6 2. Bb2 g6 3. g3 Bg7 4. Bg2 O-O 5. Nf3 d6 6. d4 c6 7. O-O Bg4 8. h3 Bxf3 9. Bxf3 Nbd7 10. c4 Qc7 11. Nc3 e5 12. d5 Rfe8 13. e4 cxd5 14. cxd5 a6 15. Rc1 Rac8 16. a3 Qb6 17. b4 Qa7 18. Kg2 Nb6 19. a4 Nc4 20. Ba1 Rc7 21. Be2 Rec8 22. Qd3 h5 23. Na2 b5 24. a5 Qb8 25. Bc3 Bh6 26. Rce1 Qa7 27. Bd1 Nd7 28. h4 Na3 29. f4 exf4 30. gxf4 Bg7 31. Bxg7 Kxg7 32. Qxa3 Qd4 33. Rf2 Nf6 34. Qb2 Qa7 35. e5 dxe5 36. fxe5 Ng4 37. Bxg4 hxg4 38. e6+ Kg8 39. exf7+ Rxf7 40. Re6 Kh7 41. Rxf7+ Qxf7 42. Qe2 Rc7 43. d6 Rc2 44. Qxc2 Qxe6 45. h5 Qd5+ 46. Kg1 Qxd6 47. Qxg6+ Qxg6 48. hxg6+ Kxg6 49. Nc3 Kf5 50. Nxb5 Ke5 51. Nc7 Kd6 52. Nxa6 Kc6 53. Nc5 Kb5 54. Nd3 Ka6 55. Kg2 Kb5 56. Kg3 1-0


[Site "https://www.chess.com"]

[Event "Titled Tuesday Blitz December 13 Early 2022"]
[White "Danielyan, Vahe"]
[Black "Begunov, Konstantin"]
[WhiteFideId "13304828"]
[BlackFideId "4118510"]
[WhiteElo "2423"]
[BlackElo "2141"]
[Result "0-1"]
[Round "03"]
[TimeControl "180+1"]
[Date "2022.12.14"]
[WhiteClock "0:01:16"]
[BlackClock "0:00:12"]

1. e4 c5 2. Nf3 d6 3. d4 cxd4 4. Nxd4 Nf6 5. Nc3 a6 6. Nb3 e6 7. g4 h6 8. Be3 b5 9. Bg2 Bb7 10. O-O b4 11. Na4 Bxe4 12. Bxe4 Nxe4 13. Nb6 Ra7 14. Qf3 Ng5 15. Bxg5 hxg5 16. Nc4 d5 17. Rad1 Qc7 18. Rfe1 Qxh2+ 19. Kf1 Qh1+ 20. Ke2 Qxf3+ 21. Kxf3 dxc4 22. Na5 Rc7 23. Re4 c3 24. bxc3 Rh3+ 25. Kg2 Rhxc3 26. Nb3 Rxc2 27. Nd4 R2c4 28. Ree1 Be7 29. Rh1 Bf6 30. Rh8+ Ke7 31. Nf5+ exf5 32. Rdd8 Rxg4+ 33. Kf3 Nd7 34. Rhe8+ Kd6 35. Ra8 Rc3+ 36. Ke2 Nc5 37. Reb8 Re4+ 38. Kf1 Rf4 39. Rb6+ Kd5 40. Rc8 Kc4 41. Rbc6 Bd4 42. a3 Rxf2+ 43. Ke1 Rc1# 0-1


[Site "https://www.chess.com"]

[Event "Titled Tuesday Blitz December 13 Early 2022"]
[White "De Souza, Cristiano Gomes"]
[Black "Manukyan, Sargis A."]
[WhiteFideId "2151758"]
[BlackFideId "13303970"]
[WhiteElo "2068"]
[BlackElo "2187"]
[Result "0-1"]
[Round "03"]
[TimeControl "180+1"]
[Date "2022.12.14"]
[WhiteClock "0:00:16"]
[BlackClock "0:01:24"]

1. d4 c5 2. d5 e6 3. c4 exd5 4. cxd5 a6 5. a4 d6 6. Nc3 Ne7 7. Nf3 Ng6 8. h3 Be7 9. e4 O-O 10. Bd3 Nd7 11. O-O Bf6 12. Bd2 Rb8 13. Rb1 Nde5 14. Nxe5 Nxe5 15. Be2 c4 16. f4 Nd3 17. Bxd3 Qb6+ 18. Kh2 cxd3 19. Qf3 Qd4 20. b3 b5 21. axb5 axb5 22. Rfc1 Re8 23. Re1 b4 24. Na4 Ba6 25. Rbc1 Rbc8 26. g4 h6 27. Kg2 Rc2 28. Rxc2 dxc2 29. Bc1 Bd3 30. e5 dxe5 31. fxe5 Rxe5 32. Rxe5 Bxe5 33. Bb2 Be4 34. Bxd4 Bxf3+ 35. Kxf3 Bxd4 0-1


[Site "https://www.chess.com"]

[Event "Titled Tuesday Blitz December 13 Early 2022"]
[White "Demin, Vladimir"]
[Black "Galchenko, Matvey"]
[WhiteFideId "4167457"]
[BlackFideId "24175480"]
[WhiteElo "2586"]
[BlackElo "2404"]
[Result "1/2-1/2"]
[Round "03"]
[TimeControl "180+1"]
[Date "2022.12.14"]
[WhiteClock "0:00:46"]
[BlackClock "0:00:45"]

1. e4 e6 2. d4 d5 3. e5 c5 4. c3 Qb6 5. Nf3 Nc6 6. Na3 cxd4 7. cxd4 Bxa3 8. bxa3 Nge7 9. Bd3 Bd7 10. Rb1 Qa5+ 11. Qd2 b6 12. O-O O-O 13. h4 Qxd2 14. Bxd2 h6 15. h5 Rfc8 16. Rfc1 Nf5 17. Bc3 Rab8 18. g4 Nfe7 19. Kg2 f6 20. Kg3 Rf8 21. Bb4 Rf7 22. Bd6 Rbf8 23. Bg6 fxe5 24. Bxf7+ Rxf7 25. Nxe5 Nxe5 26. Bxe5 Nc6 27. f4 Be8 28. Rc3 Na5 29. Rbc1 Nc4 30. Rxc4 dxc4 31. Rxc4 Bb5 32. Rc8+ Rf8 33. Rc7 Rf7 34. Rxf7 Kxf7 35. Bb8 a6 36. Bc7 Bc4 37. Bxb6 Bxa2 38. Bc5 Bb3 39. Bd6 Bd1 40. Be5 Be2 41. Bd6 Bd1 42. Bc5 Be2 43. Bd6 Bd1 1/2-1/2


[Site "https://www.chess.com"]